 Dungeon Crawl Stone Soup version 0.26-a0-707-g31817bcca1 (webtiles) character file.

Game seed: 8398023909413684548

29794 Asdor the Pandemonic (level 13, -1/103 HPs)
             Began as a Demonspawn Gladiator on Oct 26, 2020.
             Was a High Priest of Makhleb.
             Killed from afar by a frost giant (30 damage)
             ... with a bolt of cold
             ... in an ice cave on Oct 27, 2020.
             The game lasted 01:02:32 (16885 turns).

Asdor the Pandemonic (Demonspawn Gladiator)        Turns: 16885, Time: 01:03:02

Health: -1/103     AC: 18    Str: 20    XL:     13   Next: 17%
Magic:  21/21      EV: 11    Int: 15    God:    Makhleb [*****.]
Gold:   408        SH: 19    Dex: 17    Spells: 12/12 levels left

rFire    . . .     SeeInvis .   K - +0 trident (venom)
rCold    . . .     Faith    +   h - +2 tower shield
rNeg     . . .     Spirit   .   E - +2 scale mail "Wufonox" {Dex+2}
rPois    .         Reflect  .   (helmet restricted)
rElec    .         Harm     .   q - +2 cloak
rCorr    .         Rampage  .   a - +2 pair of gloves
MR       .....                  (no boots)
Stlth    ..........             N - amulet of faith
HPRegen  0.27/turn              (no ring)
MPRegen  0.17/turn              t - +6 ring of intelligence

@: no status effects
A: horns 2, demonic guardian 1, powered by death 1, sharp scales 2
a: Minor Destruction, Lesser Servant of Makhleb, Major Destruction, Greater
Servant of Makhleb, Renounce Religion


You were in an ice cave.
You worshipped Makhleb.
Makhleb was extremely pleased with you.
You visited 2 branches of the dungeon, and saw 15 of its levels.
You also visited: Sewer and Ice Cave.

You collected 1064 gold pieces.
You spent 656 gold pieces at shops.

Inventory:

Hand Weapons
 n - a +0 glaive
 K - a +0 trident of venom (weapon)
Missiles
 m - 114 arrows
Armour
 a - a +2 pair of gloves (worn)
 d - the +2 pair of gloves of Ohid {Str+5 Dex-5 Stlth+}
   (You bought it in a shop on level 6 of the Dungeon)

   It affects your strength (+5).
   It affects your dexterity (-5).
   It makes you more stealthy.
 h - a +2 tower shield (worn)
 q - a +2 cloak (worn)
 s - the +2 robe of the Cricket {MR- Dex+4 Slay+2}
   (You found it on level 5 of the Dungeon)

   It affects your dexterity (+4).
   It affects your accuracy and damage with ranged weapons and melee attacks
   (+2).
   It affects your resistance to hostile enchantments.
 E - the +2 scale mail "Wufonox" (worn) {Dex+2}
   (You bought it in a shop on level 9 of the Dungeon)

   It affects your dexterity (+2).
Jewellery
 g - an uncursed amulet of reflection
 l - an uncursed ring of fire
 t - a +6 ring of intelligence (right hand)
 N - an amulet of faith (around neck)
Wands
 j - a wand of flame (58)
 x - a wand of disintegration (40)
 y - a wand of enslavement (12)
 H - a wand of digging (8)
 I - a wand of acid (12)
 T - a wand of iceblast (5)
Scrolls
 f - 6 scrolls of immolation
 k - 2 scrolls of fog
 o - 6 scrolls of teleportation
 r - 7 scrolls of remove curse
 u - 2 scrolls of enchant weapon
 C - 2 scrolls of amnesia
 L - 4 scrolls of random uselessness
 R - a scroll of enchant armour
 S - a scroll of fear
Potions
 c - a potion of cancellation
 e - 6 potions of curing
 i - a potion of invisibility
 p - a potion of haste
 v - 6 potions of might
 w - 2 potions of lignification {unknown}
 A - 3 potions of brilliance {unknown}
 B - 4 potions of flight
 D - 5 potions of stabbing {unknown}
 G - 3 potions of resistance {unknown}
 J - a potion of berserk rage
 M - 7 potions of mutation {unknown}
 O - 4 potions of heal wounds {unknown}
 Q - a potion of magic {unknown}


   Skills:
 + Level 10.3 Fighting
 + Level 9.9 Polearms
 - Level 1.7 Throwing
 + Level 8.0 Armour
 - Level 7.0 Dodging
 + Level 9.3 Shields
 + Level 11.7 Invocations


You had 12 spell levels left.
You didn't know any spells.
Your spell library contained the following spells:

 Spells                   Type           Power        Failure   Level
 Animate Skeleton         Necr           #.....       99%         1
 Corona                   Hex            #......      99%         1
 Pain                     Necr           #...         99%         1
 Sandblast                Erth           #.....       99%         1
 Sting                    Tmut/Pois      #...         99%         1
 Ensorcelled Hibernation  Hex/Ice        #.....       100%        2
 Passwall                 Tmut/Erth      #.......     100%        2
 Confusing Touch          Hex            #.......     100%        3
 Dazzling Flash           Conj/Hex       #.....       100%        3
 Spider Form              Tmut/Pois      #.........   100%        3
 Stone Arrow              Conj/Erth      #.....       100%        3
 Tukima's Dance           Hex            #.......     100%        3
 Vampiric Draining        Necr           #.........   100%        3
 Animate Dead             Necr           #.........   100%        4
 Petrify                  Tmut/Erth      #.......     100%        4
 Agony                    Necr           #.......     100%        5
 Borgnjor's Vile Clutch   Necr/Erth      #.........   100%        5
 Excruciating Wounds      Necr           #.........   100%        5
 Lee's Rapid Deconstruct  Erth           #.........   100%        5


Dungeon Overview and Level Annotations

Branches:
Dungeon (14/15)            Temple (1/1) D:6            Lair (0/6) D:8
    Orc (0/2) D:11          Sewer (visited)           IceCv (1/1)
 Vaults: D:13-14

Altars:
Ashenzari
Cheibriados
Dithmenos
Elyvilon
Fedhas
Gozag
Hepliaklqana
Kikubaaqudgha
Makhleb
Nemelex Xobeh
Okawaru
Qazlal
Ru
Sif Muna
Trog
Uskayaw
Vehumet
Wu Jian
Xom
Yredelemnul
Zin
The Shining One

Shops:
D:6 [   D:9 **[[[   D:10 *   D:11 ?[   D:12 (

Annotations:
D:5 2 transporters
D:10 3 runed translucent doors, Bogeics's ghost, journeyman TrTm
D:11 exclusion: oklob plant


Innate Abilities, Weirdness & Mutations

You have a pair of horns on your head.
A weak demonic guardian rushes to your aid.
You regenerate a little health from kills.
You are mostly covered in razor-sharp scales. (AC +2, Slay +2)


Message History

The frost giant looks as sick as possible!
You headbutt the frost giant.
The frost giant is moderately wounded.
Your neqoxec hits the frost giant.
Unknown command.
You hit the frost giant but do no damage.
The frost giant looks as sick as possible!
You headbutt the frost giant!
The frost giant is moderately wounded.
The frost giant points at you and mumbles some strange words.
The bolt of cold hits you!!
* * * LOW HITPOINT WARNING * * *
Your neqoxec barely misses the frost giant.
You swap places.
Your ynoxinul gestures.
The frost giant casts a spell at you. The bolt of cold hits your ynoxinul!
Your ynoxinul resists.
The bolt of cold hits you!!
You die...

######## ##### #......####
####3Ch#
..†.#.....####55@3#†.h#
.#######3...#.55####hY....
## ###....### h......
###### ......# .....##
....## ....# ## .## ≈# ...


You could see a frost giant (extremely poisoned), a polar bear (very poisoned),
a friendly neqoxec (summoned), a friendly ynoxinul (summoned) and 4 friendly
ufetubi.

Vanquished Creatures
  Snorg (D:13)
  2 boulder beetles
  A hydra (D:14)
  An unseen horror (D:13)
  2 deep elf magi
  2 manticores
  6 ugly things
  2 centaur zombies (D:14)
  A gargoyle (D:14)
  An ice statue (IceCv)
  A centaur skeleton (D:11)
  A komodo dragon (D:8)
  A kobold demonologist (D:14)
  7 polar bears (IceCv)
  4 trolls
  5 slime creatures (D:12)
  2 shadows
  20 yaks
  A human (D:11)
  A wraith (D:12)
  4 vampire mosquitoes (D:13)
  A warg (D:11)
  A black bear (D:8)
  A sky beast (D:13)
  7 orc warriors
  10 ice beasts
  4 ogres
  A phantom (D:12)
  5 wolves (IceCv)
  16 centaurs
  4 big kobolds
  9 bullfrogs
  2 gnoll sergeants (D:8)
  A wyvern zombie (D:13)
  3 scorpions
  13 killer bees
  4 wights (D:12)
  A crimson imp (D:4)
  2 bullfrog zombies
  3 bullfrog skeletons
  8 hounds
  5 jellies
  11 orc wizards
  14 orc priests
  A quasit (D:8)
  Crazy Yiuf (D:3)
  Ijyb (D:5)
  2 iguanas
  11 worker ants
  2 hound skeletons
  7 gnolls (D:8)
  A howler monkey skeleton (D:7)
  4 river rats (Sewer)
  17 adders
  2 shadow imps (D:9)
  4 white imps
  2 ufetubi (D:5)
  An ooze (D:1)
  An adder zombie (D:6)
  2 adder skeletons
  6 worms
  4 dart slugs
  5 leopard geckos
  51 orcs
  8 ball pythons
  7 bats
  8 giant cockroaches
  13 hobgoblins
  17 jackals
  36 kobolds
  3 quokkas
  7 frilled lizards
  14 goblins
  22 rats
452 creatures vanquished.

Vanquished Creatures (collateral kills)
  A death knight (D:11)
  A centaur warrior (D:14)
  2 two-headed ogres
  A skeletal warrior (D:11)
  An unseen horror (D:13)
  A cyclops (D:11)
  2 ugly things
  A gargoyle (D:11)
  A centaur skeleton (D:10)
  A kobold demonologist (D:12)
  2 freezing wraiths (D:11)
  A tengu conjurer (D:13)
  7 polar bears (IceCv)
  A slime creature (D:12)
  4 yaks
  A vampire (D:14)
  A wraith (D:11)
  Edmund (D:4)
  An acid dragon (D:13)
  An orc warrior (D:6)
  A black bear (D:7)
  3 ice beasts (D:14)
  An ogre (D:14)
  A phantom (D:6)
  3 centaurs
  3 wolves (IceCv)
  3 big kobolds
  A scorpion (D:14)
  2 killer bees
  A hound (D:6)
  An orc priest (D:12)
  4 orc wizards
  An iguana (D:13)
  A worker ant (D:4)
  2 adders
  2 white imps
  9 orcs
  12 kobolds
83 creatures vanquished.

Vanquished Creatures (others)
  8 fungi (D:11)
  95 plants
103 creatures vanquished.

Grand Total: 638 creatures vanquished

Notes
Turn   | Place    | Note
-------+----------+-------------------------------------------
     0 | D:1      | Asdor the Demonspawn Gladiator began the quest for the Orb.
     0 | D:1      | Reached XP level 1. HP: 16/16 MP: 1/1
   418 | D:1      | Gained mutation: You are partially covered in razor-sharp
                  | scales. (AC +1, Slay +1) [demonic ancestry]
   418 | D:1      | Reached XP level 2. HP: 5/23 MP: 2/2
  1596 | D:1      | Gained mutation: A weak demonic guardian rushes to your
                  | aid. [demonic ancestry]
  1596 | D:1      | Reached XP level 3. HP: 28/28 MP: 3/3
  2012 | D:2      | Gained mutation: You regenerate a little health from kills.
                  | [demonic ancestry]
  2012 | D:2      | Reached XP level 4. HP: 25/34 MP: 4/4
  2506 | D:2      | Found a glowing silver altar of Zin.
  2603 | D:2      | Reached skill level 1 in Shields
  2616 | D:2      | Found a glowing golden altar of the Shining One.
  2617 | D:2      | Found a faded altar of an unknown god.
  2938 | D:2      | Reached skill level 1 in Armour
  3237 | D:3      | Found a runed translucent door.
  3238 | D:3      | Noticed Crazy Yiuf
  3651 | D:3      | Reached XP level 5. HP: 41/41 MP: 5/5
  4295 | D:3      | Killed Crazy Yiuf
  4755 | D:4      | Noticed Edmund
  4766 | D:4      | Killed Edmund
  4766 | D:4      | Reached XP level 6. HP: 34/47 MP: 6/6
  4907 | D:4      | Found a shimmering altar of Xom.
  4908 | D:4      | Found a shimmering altar of Xom.
  4910 | D:4      | Found a shimmering altar of Xom.
  4921 | D:4      | Found a shimmering altar of Xom.
  4921 | D:4      | Identified the Incunabulum of Evil Secrets and Venom
  5216 | D:4      | Found a shimmering altar of Xom.
  5216 | D:4      | Found a burning altar of Makhleb.
  5233 | D:4      | Became a worshipper of Makhleb the Destroyer
  5397 | D:4      | Found an opulent altar of Gozag.
  5505 | D:4      | Reached XP level 7. HP: 31/53 MP: 7/7
  5670 | D:5      | Entered Level 5 of the Dungeon
  5704 | D:5      | Noticed Ijyb
  5720 | D:5      | Killed Ijyb
  5750 | D:5      | Got a heavy robe
  5761 | D:5      | Identified the +2 robe of the Cricket {MR- Dex+4 Slay+2}
                  | (You found it on level 5 of the Dungeon)
  5776 | D:5      | Found a transporter.
  5832 | D:5      | Reached skill level 1 in Invocations
  5841 | D:5      | Found a transporter.
  5958 | D:5      | Found a bloodstained altar of Trog.
  5974 | D:5      | Reached * piety under Makhleb
  6064 | D:5      | Reached skill level 2 in Invocations
  6230 | D:5      | Found a glowing drain.
  6243 | Sewer    | Entered a sewer
  6372 | Sewer    | Reached ** piety under Makhleb
  6546 | Sewer    | Reached XP level 8. HP: 61/61 MP: 10/10
  6554 | Sewer    | Reached skill level 3 in Invocations
  6840 | D:5      | Reached *** piety under Makhleb
  7267 | D:6      | Found a staircase to the Ecumenical Temple.
  7278 | D:6      | Reached skill level 5 in Polearms
  7341 | D:6      | Found a shadowy altar of Dithmenos.
  7352 | Temple   | Entered the Ecumenical Temple
  7494 | D:6      | Reached skill level 5 in Fighting
  7494 | D:6      | Reached skill level 5 in Dodging
  7535 | D:6      | Reached skill level 4 in Invocations
  7761 | D:6      | Got a transparent flail
  7871 | D:6      | Found Peuch's Antique Armour Shop.
  7876 | D:6      | Bought a pair of dazzling gloves for 209 gold pieces
  7877 | D:6      | Identified the +1 flail of the Boiling Point {vorpal,
                  | Dex+4} (You found it on level 6 of the Dungeon)
  7889 | D:6      | Identified the +2 pair of gloves of Ohid {Str+5 Dex-5
                  | Stlth+} (You bought it in a shop on level 6 of the Dungeon)
  8307 | D:7      | Reached skill level 5 in Invocations
  8381 | D:7      | Reached **** piety under Makhleb
  8495 | D:7      | Gained mutation: You have a pair of small horns on your
                  | head. [demonic ancestry]
  8495 | D:7      | Reached XP level 9. HP: 69/69 MP: 12/12
  8723 | D:7      | Found an iron altar of Okawaru.
  8889 | D:8      | Found a hazy altar of Hepliaklqana.
  8945 | D:8      | Found a sacrificial altar of Ru.
  9258 | D:8      | Noticed a komodo dragon
  9275 | D:8      | Killed a komodo dragon
  9275 | D:8      | Reached skill level 5 in Shields
  9275 | D:8      | Reached skill level 6 in Invocations
  9438 | D:8      | Found a staircase to the Lair.
  9651 | D:8      | Reached ***** piety under Makhleb
  9771 | D:8      | Found a radiant altar of Vehumet.
 10010 | D:9      | Found Texoont's Assorted Antiques.
 10015 | D:9      | Bought a potion of curing for 81 gold pieces
 10015 | D:9      | Bought a scroll labeled QYINWA KUISHRE for 27 gold pieces
 10015 | D:9      | Bought a glowing silvery potion for 24 gold pieces
 10156 | D:9      | Found a snail-covered altar of Cheibriados.
 10171 | D:9      | Found Dasem's Armour Boutique.
 10385 | D:9      | Reached skill level 7 in Invocations
 10437 | D:9      | Found Ozarchuqy's Antique Armour Emporium.
 10440 | D:9      | Bought a topaz-studded scale mail for 315 gold pieces
 10450 | D:9      | Identified the +2 scale mail "Wufonox" {Dex+2} (You bought
                  | it in a shop on level 9 of the Dungeon)
 10488 | D:9      | Found Zyvvuuq's Assorted Antiques.
 10701 | D:9      | Reached XP level 10. HP: 77/77 MP: 15/15
 10704 | D:9      | Found Fudwer's Antique Armour Emporium.
 10797 | D:10     | Entered Level 10 of the Dungeon
 10898 | D:10     | Found Ciucze Quado's General Store.
 10973 | D:10     | Found a runed translucent gate.
 10974 | D:10     | Found a runed translucent gate.
 10975 | D:10     | Found a runed translucent gate.
 10975 | D:10     | Noticed Bogeics's ghost (journeyman TrTm)
 10978 | D:10     | Noticed an orc warlord
 10980 | D:10     | Noticed a manticore
 11573 | D:11     | Noticed a cyclops
 11580 | D:11     | Noticed a gargoyle
 11584 | D:11     | Killed a cyclops
 11592 | D:11     | Killed a gargoyle
 11683 | D:11     | Found a staircase to the Orcish Mines.
 12089 | D:11     | Found Uduamp's Armour Boutique.
 12101 | D:11     | Noticed a skeletal warrior
 12102 | D:11     | Noticed a death knight
 12438 | D:11     | Killed a death knight
 12438 | D:11     | Reached skill level 8 in Invocations
 12490 | D:11     | Killed a skeletal warrior
 12490 | D:11     | Gained mutation: You have a pair of horns on your head.
                  | [demonic ancestry]
 12490 | D:11     | Reached XP level 11. HP: 75/84 MP: 17/17
 12503 | D:11     | Reached skill level 5 in Armour
 12605 | D:11     | Found a blossoming altar of Fedhas.
 12620 | D:11     | Noticed an oklob plant
 12689 | D:11     | Found Sihewah's Magic Scroll Boutique.
 13164 | D:12     | Noticed a cyan ugly thing
 13195 | D:12     | Killed a cyan ugly thing
 13481 | D:12     | Reached skill level 9 in Invocations
 13843 | D:12     | Noticed a two-headed ogre
 13856 | D:12     | Noticed a boulder beetle
 13882 | D:12     | Killed a two-headed ogre
 13975 | D:12     | Killed a boulder beetle
 14110 | D:12     | Found Supel's Weapon Shop.
 14575 | D:13     | Killed an unseen horror
 14611 | D:13     | Gained mutation: You are mostly covered in razor-sharp
                  | scales. (AC +2, Slay +2) [demonic ancestry]
 14611 | D:13     | Reached XP level 12. HP: 78/94 MP: 19/19
 14612 | D:13     | Noticed Snorg
 14627 | D:13     | Reached skill level 10 in Invocations
 14633 | D:13     | Noticed a two-headed ogre
 14673 | D:13     | Killed Snorg
 14677 | D:13     | Killed a two-headed ogre
 15930 | D:14     | Noticed a four-headed hydra
 15936 | D:14     | Killed a four-headed hydra
 15980 | D:14     | Noticed a centaur warrior
 15998 | D:14     | Killed a centaur warrior
 16022 | D:14     | Reached skill level 11 in Invocations
 16136 | D:14     | Noticed a boulder beetle
 16189 | D:14     | Reached skill level 10 in Fighting
 16278 | D:14     | Found a frozen archway.
 16304 | D:14     | Killed a boulder beetle
 16306 | IceCv    | Entered an ice cave
 16428 | IceCv    | Reached XP level 13. HP: 101/103 MP: 21/21
 16858 | IceCv    | Noticed a frost giant
 16885 | IceCv    | Killed from afar by a frost giant

Illustrated notes

Levels and vault maps discovered:
D:1:      dpeg_arrival_fog, layout_basic, roderic_lattice_a, st_stairs_3,
          hangedman_decor_points
D:2:      layout_basic, zin_treasury, chequers_ecumenical_altar_simple,
          hex_large, lemuel_statue_altar
D:3:      layout_loops_ring, uniq_crazy_yiuf_cottage
D:4:      layout_rooms, grunt_temple_overflow_champion_of_chaos,
          kennysheep_mini, chequers_arboretum, xom_redecorated, uniq_edmund
D:5:      gammafunk_steamed_eel, layout_loops_ring, portal_sewer_entry_b,
          nrook_mini_backslash, trog_hazing_becter, uniq_ijyb
D:6:      layout_loops_ring, lemuel_crystal_altar,
          minmay_temple_entry_proselytizer, serial_shops, kennysheep_little_box,
          minmay_misc_feat_four_crosses
D:7:      layout_basic, kennysheep_mini_moat
D:8:      kennysheep_housing_project, layout_loops_ring, old_standard_altar,
          lemuel_crystal_altar, old_standard_altar, david_lair_shrubbed
D:9:      layout_roguey, lemuel_doored_altar, serial_shops,
          nicolae_shop_statue_plus, shop, nicolae_shop_waterfront, shop,
          nicolae_shop_overgrown_old_shop
D:10:     layout_basic, gammafunk_ghost_split, serial_shops, shop
D:11:     layout_long_grid, erik_orc_4, serial_shops, shop, shop, tgw_fedhas
D:12:     layout_loops_ring, serial_shops, shop
D:13:     layout_roguey, st_stairs_14, minmay_puff, uniq_snorg
D:14:     layout_basic, david_vaults_1, portal_ice_cave_entry_ice_beasts,
          serial_shops, nicolae_shop_trees, hangedman_abyss_or_decor_stagger,
          hangedman_decor_push, serial_park_tiny_2,
          minmay_guarded_unrand_wrath_of_trog, uniq_roxanne
Temple:   nicolae_temple_hex_pool
IceCv:    ice_cave_small_giant

Skill      XL: |  1  2  3  4  5  6  7  8  9 10 11 12 13 |
---------------+----------------------------------------+-----
Polearms       | 3 4 5 6 7 8 9 |  9.9
Dodging        | 3 4 5 6 7 |  7.0
Fighting       | 3 4 5 6 7 8 10 | 10.3
Shields        | 1 2 3 4 5 6 7 9 |  9.3
Armour         | 1 2 3 4 6 7 8 |  8.0
Invocations    | 2 5 7 8 9 11 | 11.7
Throwing       | |  1.7

Action                   |  1- 3 |  4- 6 |  7- 9 | 10-12 | 13-15 || total
-------------------------+-------+-------+-------+-------+-------++-------
Melee: Trident           |    93 |   276 |   591 |   952 |   116 ||  2028
       Headbutt          |       |       |    46 |   256 |    33 ||   335
Throw: Throwing net      |       |       |     3 |       |       ||     3
Invok: Lesser Servant of |       |       |       |    36 |     7 ||    43
       Major Destruction |       |       |       |    12 |       ||    12
       Minor Destruction |       |       |       |     5 |       ||     5
Evoke: Wand              |       |       |     8 |     6 |       ||    14
  Use: Scroll            |       |     5 |    12 |    10 |       ||    27
       Potion            |       |     2 |       |     9 |       ||    11
 Stab: Sleeping          |     2 |     5 |    14 |       |       ||    21
       Distracted        |       |       |     4 |     6 |     3 ||    13
       Held in net/web   |       |       |     4 |       |       ||     4
Armor: Leather armour    |    24 |    38 |     4 |       |       ||    66
       Robe              |       |       |   108 |       |       ||   108
       Scale mail        |       |       |     1 |   258 |    50 ||   309
Dodge: Dodged            |    50 |    47 |   136 |   181 |    54 ||   468
Block: Tower shield      |    10 |   155 |   590 |   929 |   131 ||  1815
       Reflection        |       |       |    48 |    50 |       ||    98

Table legend: (Time is in decaauts)
 A = Elapsed time spent in this place.
 B = Non-inter-level travel time spent in this place.
 C = Inter-level travel time spent in this place.
 D = Time resting spent in this place.
 E = Time spent auto-exploring this place.
 F = Levels seen in this place.
 G = Mean time per level.
                   A        B        C        D        E       F      G
               +--------+--------+--------+--------+--------+-----+--------+
         Total |  17116 |  16544 |    572 |   3285 |   8608 |  17 | 1006.8 |
       Dungeon |  15808 |  15276 |    532 |   3107 |   8044 |  14 | 1129.1 |
        Temple |    127 |     87 |     40 |      0 |     75 |   1 |  127.0 |
         Sewer |    611 |    611 |      0 |     49 |    298 |   1 |  611.0 |
      Ice Cave |    568 |    568 |      0 |    129 |    191 |   1 |  568.0 |
               +--------+--------+--------+--------+--------+-----+--------+

Top non-repeatable levels by time:
     D:1: 1825 daAuts
     D:3: 1624 daAuts
    D:11: 1546 daAuts
    D:13: 1389 daAuts
    D:12: 1355 daAuts
     D:8: 1195 daAuts
     D:2: 1176 daAuts
     D:4: 1139 daAuts
     D:5: 968 daAuts
     D:6: 943 daAuts
    D:10: 850 daAuts
     D:9: 805 daAuts
   Sewer: 611 daAuts
     D:7: 598 daAuts
   IceCv: 568 daAuts
